AoeStats
← [SotC] Legend

Arena

505085668Analyzed
2v2 RM · 26d ago on Sep 7, 2026· 53m 52s· 4 players
Game mode
Random Map
Map size
Medium (4 player)
Population
200
Speed
Normal
Resources
Standard
Victory
Conquest
Starting age
Dark Age
Ending age
Imperial Age
RankedLock teamsTeams togetherTeam positionsShared explorationLock speedFull tech treeHidden civsTurbo modeCheats
Victory
Defeat
🇸🇪 Spanish · Sweden
1673
+18
🇹🇷 Malay · Türkiye
1661
+20
🇦🇷 Teutons · Argentina
1729
-19
🇦🇷 Khmer · Argentina
1723
-19
Davve02
10:00 Feudal Age
13:35 Castle Age
12:40 Double-Bit Axe
13:07 Horse Collar
14:58 Bow Saw
18:31 Wheelbarrow
17:59 Heavy Plow
19:31 Hand Cart
20:32 Gold Mining
21:48 Stone Mining
25:02 Imperial Age
23:03 Pikeman
24:30 Stone Shaft Mining
24:05 Scale Mail Armor
26:46 Chemistry
25:08 Halberdier
25:27 Capped Ram
27:16 Conscription
26:19 Siege Ram
26:58 Loom
27:17 Town Watch
27:59 Forging
29:01 Man-at-Arms
30:06 Fortified Wall
31:10 Supremacy
31:27 Bloodlines
32:04 Husbandry
32:19 Padded Archer Armor
33:42 Bombard Tower
33:46 Fletching
34:38 Bodkin Arrow
35:34 Iron Casting
35:05 Elite Conquistador
36:02 Masonry
36:15 Ballistics
37:32 Leather Archer Armor
38:18 Blast Furnace
37:39 Bracer
40:35 Ring Archer Armor
41:31 Caravan
42:33 Chain Mail Armor
43:14 Squires
44:34 Hoardings
47:12 Plate Mail Armor
48:31 Town Patrol
P3RL
9:46 Feudal Age
9:27 Double-Bit Axe
16:08 Horse Collar
25:19 Castle Age
25:44 Heavy Plow
25:40 Gold Mining
30:38 Bow Saw
33:54 Imperial Age
31:17 Fletching
31:46 Forging
32:23 Stone Mining
33:09 Gold Shaft Mining
33:12 Wheelbarrow
33:20 Wheelbarrow
33:43 Iron Casting
34:06 Stone Shaft Mining
33:45 Squires
33:06 Man-at-Arms
36:46 Forced Levy
37:06 Conscription
37:13 Long Swordsman
37:39 Arson
38:13 Two-Handed Swordsman
40:45 Blast Furnace
39:12 Pikeman
41:35 Chemistry
40:48 Halberdier
43:51 Ballistics
44:14 Bombard Tower
46:30 Masonry
49:09 Crop Rotation
48:52 Guard Tower
49:01 Crossbowman
49:47 Thumb Ring
VL Aveee
10:04 Feudal Age
13:09 Castle Age
13:46 Double-Bit Axe
15:48 Bow Saw
16:48 Horse Collar
18:45 Wheelbarrow
18:48 Heavy Plow
19:58 Fortified Wall
21:04 Town Watch
21:04 Loom
21:41 Hand Cart
21:53 Masonry
22:13 Gold Mining
22:15 Stone Mining
26:39 Imperial Age
25:10 Light Cavalry
26:00 Bloodlines
25:51 Husbandry
26:08 Scale Mail Armor
26:18 Forging
26:13 Man-at-Arms
26:40 Arson
27:31 Chain Mail Armor
27:52 Iron Casting
27:04 Capped Ram
27:05 Long Swordsman
27:49 Two-Handed Swordsman
29:33 Blast Furnace
29:23 Light Cavalry
30:14 Bloodlines
30:04 Husbandry
30:19 Heavy Scorpion
31:20 Ballistics
32:11 Scale Barding Armor
31:27 Hussar
32:56 Hoardings
32:53 Architecture
32:09 Siege Ram
34:02 Chain Barding Armor
36:08 Plate Barding Armor
36:52 Fervor
38:31 Chemistry
39:48 Guard Tower
[SotC] Legend
6:41 Loom
8:53 Feudal Age
9:29 Double-Bit Axe
9:26 Horse Collar
21:14 Castle Age
21:10 Gold Mining
22:47 Coinage
22:53 Bow Saw
22:46 Heavy Plow
29:42 Wheelbarrow
28:53 Town Watch
31:10 Hand Cart
33:36 Forging
33:31 Scale Barding Armor
33:37 Forging
37:07 Imperial Age
35:23 Bloodlines
35:35 Chain Barding Armor
35:50 Iron Casting
35:35 Chain Barding Armor
35:50 Iron Casting
36:34 Stone Mining
37:10 Cavalier
38:27 Plate Barding Armor
38:14 Conscription
38:31 Masonry
40:01 Blast Furnace
38:34 Paladin
42:07 Chemistry
42:27 Caravan
43:08 Siege Engineers
44:17 Crop Rotation
44:52 Two-Man Saw
44:22 Guilds
52:08 Crenellations
52:23 Hoardings
52:01 Fortified Wall
52:23 Scale Mail Armor
51:45 Pikeman
52:26 Squires
Connection lost

Rejoining the realm…

Still unreachable

The connection could not be restored.

Session expired

The server has moved on; the page needs a fresh start.